 Dungeon Sprint DCSS version 0.23.0-33-g5e6c059 (webtiles) character file.

Game seed: 3885310163193196180

15900000 Fang the Axe Maniac (level 27, -4/249 HPs)
             Began as a Human Gladiator on Feb 26, 2019.
             Was the Champion of Makhleb.
             Killed by an exploding ball lightning (9 damage)
             ... created by The Meatlord
             ... in the Dungeon (Sprint VIII: "Arena of Blood").
             The game lasted 00:02:00 (159 turns).

Fang the Axe Maniac (Human Gladiator)                Turns: 159, Time: 00:02:00

Health: -4/249     AC:  8    Str: 26    XL:     27
Magic:  54/54      EV: 32    Int: 10    God:    Makhleb [******]
Gold:   0          SH:  0    Dex: 15    Spells: 80/80 levels left

rFire    . . .     SeeInvis .   l - +∞ Axe of Woe
rCold    . . .     Gourm    .   (shield currently unavailable)
rNeg     . . .     Faith    .   b - +0 leather armour
rPois    .         Spirit   .   c - +0 helmet
rElec    .         Reflect  .   (no cloak)
rCorr    .         Harm     .   (no gloves)
MR       ++...     NoTele   +   (no boots)
Stlth    +++++++++.             (no amulet)
HPRegen  0.51/turn              (no ring)
MPRegen  0.34/turn              (no ring)

@: no status effects
A: no striking features
a: Minor Destruction, Lesser Servant of Makhleb, Major Destruction, Greater
Servant of Makhleb, Renounce Religion


You were in the Dungeon.
You worshipped Makhleb.
Makhleb was exalted by your worship.
You were not hungry.

You visited 1 branch

Inventory:

Hand Weapons
 a - a +0 war axe
 l - the +∞ Axe of Woe (weapon)
   (You found it in the Dungeon)
Missiles
 d - 3 throwing nets (quivered)
Armour
 b - a +0 leather armour (worn)
 c - a +0 helmet (worn)
Jewellery
 m - a +30 ring of slaying
 n - a +30 ring of slaying
 o - a +30 ring of slaying
 p - a +30 ring of slaying
 q - a +30 ring of slaying
 r - a +30 ring of slaying
Scrolls
 k - a scroll of blinking
Potions
 g - a potion of heal wounds
 h - a potion of haste
 i - 2 potions of magic
 j - a potion of berserk rage
Comestibles
 f - a ration
 s - 12 chunks of flesh


   Skills:
 O Level 27 Fighting
 O Level 27 Axes
 O Level 27 Throwing
 O Level 27 Armour
 O Level 27 Dodging
 O Level 27 Stealth
 O Level 27 Unarmed Combat
 O Level 27 Spellcasting
 O Level 27 Invocations


You had 80 spell levels left.
You didn't know any spells.
Your spell library was empty.

Dungeon Overview and Level Annotations

Branches:
Dungeon (1/1)

Altars:
Makhleb

Annotations:
D The Meatlord


Message History

Your body is wracked with pain!
* * * LOW HITPOINT WARNING * * *
Something is bathed in an unholy light! x2
You hear a shout! 7 ball lightnings come into view.
You hear a shout! x2
The Tzitzimitl calls on the powers of darkness!
Your body is wracked with pain!
* * * LOW HITPOINT WARNING * * *
You hear a shout!
The Meatlord shouts, "Fly, thou froward nose-picking tiddler!"
You hear a shout!
The ball lightning explodes!
The blast of lightning engulfs the Tzitzimitl.
The Tzitzimitl resists.
The blast of lightning engulfs the ball lightning.
The ball lightning completely resists.
The blast of lightning engulfs the ball lightning.
The ball lightning completely resists.
The blast of lightning engulfs you!
You die...

. ..... .. .. ...
.....##.##.#####...
....... ... .......
##.....##.##.......
...................
.........#.#.......
........☼.@......##
......☼)°))........
#......))..1.......
...........)**.*.....
.............*.*......
....#......1#*o........
....#....)..#.1&1......
..###.......###.........
.......###.))..........##


You could see The Meatlord, 4 Tzitzimimeh, a bag of meat and 6 ball lightnings.

Vanquished Creatures
  2 vampire knights (D)
  19 ogres (D)
  5 two-headed ogres (D)
  86 orcs (D)
112 creatures vanquished.

Notes
Turn   | Place    | Note
-------+----------+-------------------------------------------
     0 | D        | Found the +∞ Axe of Woe
     0 | D        | Fang the Human Gladiator began the quest for the Orb.
     0 | D        | Reached XP level 1. HP: 16/16 MP: 1/1
     4 | D        | Became a worshipper of Makhleb the Destroyer
     5 | D        | Noticed a bag of meat
     6 | D        | Noticed a bag of meat
     6 | D        | Noticed a bag of meat
     6 | D        | Noticed a bag of meat
     7 | D        | Noticed a bag of meat
     8 | D        | Noticed a bag of meat
    11 | D        | Killed a bag of meat
    11 | D        | Reached XP level 2. HP: 43/43 MP: 2/2
    11 | D        | Reached XP level 3. HP: 49/49 MP: 3/3
    11 | D        | Reached XP level 4. HP: 56/56 MP: 4/4
    11 | D        | Reached XP level 5. HP: 62/62 MP: 5/5
    11 | D        | Reached XP level 6. HP: 69/69 MP: 6/6
    11 | D        | Reached XP level 7. HP: 75/75 MP: 7/7
    11 | D        | Reached XP level 8. HP: 82/82 MP: 8/8
    11 | D        | Reached XP level 9. HP: 88/88 MP: 9/9
    11 | D        | Reached XP level 10. HP: 95/95 MP: 10/10
    11 | D        | Reached XP level 11. HP: 101/101 MP: 11/11
    11 | D        | Reached XP level 12. HP: 108/108 MP: 12/12
    11 | D        | Killed a bag of meat
    11 | D        | Reached * piety under Makhleb
    11 | D        | Reached XP level 13. HP: 119/119 MP: 13/13
    11 | D        | Noticed a bag of meat
    12 | D        | Killed a bag of meat
    12 | D        | Reached XP level 14. HP: 93/130 MP: 14/14
    12 | D        | Killed a bag of meat
    12 | D        | Reached XP level 15. HP: 131/139 MP: 15/15
    12 | D        | Reached ** piety under Makhleb
    14 | D        | Reached XP level 16. HP: 149/152 MP: 16/16
    17 | D        | Noticed a meat berserker
    20 | D        | Noticed a large bag of meat
    21 | D        | Noticed a meat berserker
    21 | D        | Noticed a meat berserker
    21 | D        | Noticed a meat berserker
    22 | D        | Killed a meat berserker
    22 | D        | Reached *** piety under Makhleb
    22 | D        | Reached XP level 17. HP: 164/164 MP: 17/17
    22 | D        | Noticed a meat berserker
    23 | D        | Reached XP level 18. HP: 175/175 MP: 18/18
    24 | D        | Killed a meat berserker
    24 | D        | Reached **** piety under Makhleb
    25 | D        | Reached skill level 27 in Fighting
    25 | D        | Reached skill level 27 in Axes
    25 | D        | Reached skill level 27 in Throwing
    25 | D        | Reached skill level 27 in Dodging
    25 | D        | Reached skill level 5 in Stealth
    25 | D        | Reached skill level 5 in Invocations
    25 | D        | Reached XP level 19. HP: 189/189 MP: 18/25
    26 | D        | Reached ***** piety under Makhleb
    26 | D        | Reached skill level 10 in Armour
    26 | D        | Reached skill level 10 in Unarmed Combat
    27 | D        | Killed a meat berserker
    27 | D        | Reached XP level 20. HP: 197/197 MP: 18/36
    27 | D        | Killed a meat berserker
    27 | D        | Reached skill level 15 in Spellcasting
    28 | D        | Killed a meat berserker
    28 | D        | Reached XP level 21. HP: 204/204 MP: 18/41
    29 | D        | Killed a large bag of meat
    30 | D        | Reached XP level 22. HP: 212/212 MP: 18/45
    30 | D        | Noticed a destroyer
    31 | D        | Noticed a meat berserker
    33 | D        | Killed a destroyer
    33 | D        | Reached ****** piety under Makhleb
    33 | D        | Reached XP level 23. HP: 219/219 MP: 19/49
    37 | D        | Reached skill level 27 in Stealth
    37 | D        | Reached skill level 27 in Invocations
    37 | D        | Noticed a large bag of meat
    39 | D        | Reached skill level 27 in Armour
    39 | D        | Reached skill level 27 in Unarmed Combat
    40 | D        | Reached skill level 27 in Spellcasting
    40 | D        | Reached XP level 24. HP: 227/227 MP: 21/54
    44 | D        | Reached XP level 25. HP: 234/234 MP: 22/54
    47 | D        | Killed a large bag of meat
    47 | D        | Reached XP level 26. HP: 242/242 MP: 23/54
    50 | D        | Reached XP level 27. HP: 249/249 MP: 23/54
    77 | D        | Noticed a large bag of meat
    78 | D        | Noticed a large bag of meat
    86 | D        | Killed a large bag of meat
    88 | D        | Killed a large bag of meat
   139 | D        | Noticed a large bag of meat
   139 | D        | Noticed a destroyer
   143 | D        | Killed a destroyer
   145 | D        | Killed a large bag of meat
   150 | D        | Noticed The Meatlord
   156 | D        | HP: 2/249 [The Meatlord/the air (53)]
   159 | D        | Killed by an exploding ball lightning

Skill      XL: |  1  2  3  4  5  6  7  8  9 10 11 12 13 14 15 16 17 18 19 20 21 22 23 |
---------------+----------------------------------------------------------------------+-----
Fighting       | 14 16 18 19 21 23 24 27 | 27.0
Axes           | 14 16 18 19 21 23 24 27 | 27.0
Throwing       | 14 16 18 19 21 23 24 27 | 27.0
Dodging        | 14 16 18 19 21 23 24 27 | 27.0
Armour         | 4 13 18 21 24 27 | 27.0
Stealth        | 5 14 19 22 25 27 | 27.0
Unarmed Combat | 4 13 18 21 24 27 | 27.0
Spellcasting   | 4 12 16 19 22 27 | 27.0
Invocations    | 5 14 19 22 25 27 | 27.0

Action                   |  1- 3 |  4- 6 |  7- 9 | 10-12 | 13-15 | 16-18 | 19-21 | 22-24 | 25-27 || total
-------------------------+-------+-------+-------+-------+-------+-------+-------+-------+-------++-------
Melee: Executioner's axe |     1 |       |       |       |     2 |     5 |     5 |    11 |    54 ||    78
  Use: Potion            |       |       |       |       |       |       |       |       |     1 ||     1
Dodge: Dodged            |     1 |       |       |       |       |       |       |     1 |     3 ||     5
